 Dungeon Crawl Stone Soup version 0.19-a0-990-gf36c7f1 (webtiles) character file.

140396 Implojin the Grappler (level 16, -47/165 HPs)
             Began as a Troll Fighter on July 14, 2016.
             Was a High Priest of Okawaru.
             Killed from afar by a frost giant (57 damage)
             ... with a bolt of cold
             ... on level 1 of the Depths.
             The game lasted 01:06:04 (9074 turns).

Implojin the Grappler (Troll Fighter)               Turns: 9074, Time: 01:06:04

Health: -47/165    AC: 17    Str: 33    XL:     16   Next: 11%
Magic:  21/21      EV: 31    Int:  4    God:    Okawaru [*****.]
Gold:   554        SH: 23    Dex: 19    Spells: 1 memorised, 12 levels left

rFire  . . .     SeeInvis .       - Unarmed
rCold  . . .     Gourm    +     D - +0 troll leather armour
rNeg   . . .     Faith    .     e - +0 large shield
rPois  .         Spirit   .     O - +1 hat {MR+}
rElec  .         Dismiss  .     a - +1 cloak {+Inv}
rCorr  .         Reflect  .     (gloves unavailable)
SustAt .         Harm     .     (boots unavailable)
MR     ++...                    (no amulet)
Stlth  +++.......               n - +4 ring of evasion
                                z - +4 ring of protection

@: mighty, agile, heroism, very slightly contaminated, very resistant to hostile
enchantments, fairly stealthy
A: unfitting armour, claws 3, fast metabolism 3, gourmand, regeneration 2,
shaggy fur 1, tough skin 2
a: Heroism, Finesse, Renounce Religion, Evoke Invisibility
}: 2/15 runes: decaying, serpentine


You were on level 1 of the Depths.
You worshipped Okawaru.
Okawaru was extremely pleased with you.
You were full.

You visited 6 branches of the dungeon, and saw 31 of its levels.
You visited 1 bazaar.

You collected 709 gold pieces.
You spent 155 gold pieces at shops.

Inventory:

Hand Weapons
 r - the +12 glaive of Prune {chop}
   (You found it on level 4 of the Swamp)

   It inflicts extra damage upon your enemies.
 w - a +1 blowgun
 G - the +12 hand axe of the Solstice {drain, *Noise rC+ Int+3, unknown}
   (You found it on level 10 of the Dungeon)

   A truly terrible weapon, it drains the life of those it strikes.
   It affects your intelligence (+3).
   It protects you from cold.
   It may make noises in combat.
 R - a +3 scimitar of flaming
Missiles
 c - 3 curare-tipped needles
 m - 10 large rocks
 E - 6 javelins
 F - 4 tomahawks (quivered)
 K - 8 poisoned javelins
 M - a throwing net
Armour
 a - a +1 cloak of invisibility (worn)
 e - a +0 large shield (worn)
 s - the +2 hat of Inusoler {rCorr Str+2 Int+2 Dex-2}
   (Okawaru gifted it to you on level 4 of the Snake Pit)

   It affects your strength (+2).
   It affects your intelligence (+2).
   It affects your dexterity (-2).
   It protects you from acid and corrosion.
 D - a +0 troll leather armour (worn)
 O - a +1 hat of magic resistance (worn)
 P - a mottled dragon hide
 U - the +3 shield "Gaerch" {rF++ rC- Int+2}
   (Okawaru gifted it to you on level 4 of the Swamp)

   It affects your intelligence (+2).
   It greatly protects you from fire.
   It makes you vulnerable to cold.
 V - a swamp dragon hide
 X - a +2 shadow dragon armour
Jewellery
 h - an uncursed ring of fire
 n - a +4 ring of evasion (right claw)
 z - a +4 ring of protection (left claw)
 A - an uncursed ring of stealth
 C - an uncursed ring of magical power
 W - an uncursed ring of positive energy
Wands
 y - a wand of digging (17/24)
 H - a wand of paralysis (7/24)
 I - a wand of flame (16/48)
Scrolls
 f - 3 scrolls of remove curse
 k - 6 scrolls of teleportation
 L - 2 scrolls of recharging
 Z - 4 scrolls of immolation
Potions
 b - a potion of resistance
 i - a potion of cure mutation
 j - a potion of might
 l - a potion of curing
 o - 2 potions of ambrosia
 p - a potion of invisibility
 q - 2 potions of lignification
 t - 3 potions of flight {unknown}
 J - a potion of cancellation
 N - a potion of agility
 S - 2 potions of magic
 T - 3 potions of brilliance
Comestibles
 d - 7 bread rations
 g - 5 meat rations
 u - 2 slices of pizza
 B - 11 royal jellies


   Skills:
 - Level 12.0(17.0) Fighting
 - Level 10.6(15.6) Armour
 - Level 10.2(15.2) Dodging
 - Level 10.0(15.0) Shields
 * Level 13.5(18.5) Unarmed Combat
 - Level 8.5 Invocations


You had 12 spell levels left.
You knew the following spells:

 Your Spells              Type           Power        Failure   Level  Hunger
a - Regeneration          Chrm/Necr      #.........   99%         3    ####...


Dungeon Overview and Level Annotations

Branches:
Dungeon (15/15)            Temple (1/1) D:6            Lair (5/6) D:11
  Swamp (4/4) Lair:3        Snake (4/4) Lair:3          Orc (0/2) D:12
 Vaults (0/5) D:13         Depths (2/5) D:15
  Slime: Lair:5-6

Altars:
Ashenzari
Cheibriados
Kikubaaqudgha
Makhleb
Okawaru
Pakellas
Qazlal
Ru
Trog
Yredelemnul
Zin
The Shining One

Shops:
D:6 }   D:7 *   Snake:1 [(   Snake:2 [

Portals:
Hell: Depths:1

Annotations:
D:8 Grum
D:14 exclusion: upstairs
Lair:2 cojito's ghost, journeyman OpSu
Swamp:2 exclusion: Roxanne, Roxanne


Innate Abilities, Weirdness & Mutations

You are too large for most types of armour.
You have claws for hands.
Your metabolism is lightning-fast.
You like to eat raw meat.
You heal very quickly.
You are covered in fur. (AC +1)
You have very tough skin. (AC +2)


Message History

The bolt of cold misses you.
The frost giant gestures at you while chanting.
The bolt of cold hits you!
* * * LOW HITPOINT WARNING * * *
You block the frost giant's attack.
Unknown command.
You mangle the frost giant!!
The frost giant is moderately wounded.
You scratch the frost giant.
The frost giant is moderately wounded.
The frost giant points at you and mumbles some strange words.
The bolt of cold hits you!
* * * LOW HITPOINT WARNING * * *
Unknown command.
You claw the frost giant!
The frost giant is heavily wounded.
You claw the frost giant!
The frost giant is severely wounded.
The frost giant hits you with a battleaxe of freezing!!
* * * LOW HITPOINT WARNING * * *
The frost giant freezes you!
* * * LOW HITPOINT WARNING * * *
You scratch the frost giant.
The frost giant is severely wounded.
Okay, then.
Okay, then.
Okay, then.
Blink to where?
Press: ? - help, Dir - move target cursor You are very lightly contaminated with residual magic.
As you read the scroll of blinking, it crumbles to dust.
Okay, then.
You feel agile all of a sudden.
You feel very mighty all of a sudden.
You fail to use your ability.
The frost giant gestures at you while chanting.
The bolt of cold misses you.
The frost giant gestures at you while chanting.
The bolt of cold hits you!
You die...

.......# #..# #..........
.......####..#####..........
#####.......................
#.......................
#..####..####>.########.
#..# # .# #..# #..# #. #..#
#[.####..####C.#
#####...........@..####
........................
....?[.####..####.......
.......# #..# #..#####
.......# #. #..# .......# #.
..# .......# # ..# (.)...∩#
..# ########


You could see a frost giant.

Vanquished Creatures
  Gastronok (D:11)
  2 thorn hunters (Swamp:4)
  A tengu reaver (Depths:2)
  7 greater nagas (Snake:4)
  A frost giant (D:15)
  A very ugly thing (Swamp:4)
  A stone giant (Depths:1)
  Nessos (D:14)
  A spark wasp (Depths:2)
  2 green deaths (Swamp:4)
  2 death oozes (Swamp:4)
  An ettin (Depths:2)
  Josephine (D:12)
  A hell beast (Swamp:4)
  A rakshasa (Depths:1)
  An ice dragon (Lair:2)
  A hydra (shapeshifter) (Depths:2)
  9 hydras
  10 naga warriors
  3 anacondas
  2 centaur warriors
  2 deep troll shamans (Depths:1)
  3 alligators
  A deep troll earth mage (Depths:1)
  2 tengu warriors (D:15)
  2 shock serpents
  4 naga sharpshooters
  A thrashing horror (Swamp:4)
  A shock serpent (shapeshifter) (Depths:2)
  A titan zombie (Depths:1)
  A deep elf knight (D:13)
  16 slime creatures (Swamp:4)
  A salamander mystic (Snake:4)
  An iron troll (Depths:1)
  7 spriggan druids (Swamp:4)
  A skeletal warrior (D:13)
  An unseen horror (D:11)
  2 naga ritualists
  6 swamp dragons
  A large abomination (Swamp:4)
  An orc knight (D:13)
  2 mana vipers
  7 ugly things
  A necromancer (Depths:1)
  4 deep elf magi
  A hornet (Swamp:3)
  6 salamanders
  A cyclops (D:11)
  4 naga magi
  An ice statue (Lair:2)
  16 black mambas
  A fire giant skeleton (Depths:1)
  2 elephants
  A gargoyle (D:10)
  A centaur zombie (D:13)
  Psyche (D:8)
  Joseph (D:9)
  4 orange demons (Swamp:4)
  3 spiny frogs
  4 centaur skeletons
  A kobold demonologist (D:12)
  An elf zombie (Depths:1)
  An efreet (D:15)
  6 yaktaurs
  A queen bee (Lair:2)
  A yaktaur skeleton (Depths:1)
  2 polar bears (Lair:2)
  3 trolls
  A giant leech (Swamp:4)
  6 bog bodies
  8 blink frogs
  2 spriggans (Swamp:4)
  3 wraiths (D:12)
  14 yaks
  2 hungry ghosts
  A basilisk (Lair:3)
  A hippogriff (D:10)
  10 vampire mosquitoes
  4 swamp worms
  6 insubstantial wisps (Swamp:2)
  30 nagas
  A mottled dragon (D:13)
  4 water moccasins
  4 porcupines
  6 ice beasts (Lair:2)
  A small abomination (Swamp:4)
  4 swamp drakes
  A sky beast (D:11)
  3 wasps
  A necrophage (D:10)
  2 orc warriors (D:15)
  An eye of draining (D:13)
  2 ogres
  2 wolves (D:8)
  3 centaurs
  3 crocodiles
  3 big kobolds
  10 giant frogs
  2 wyvern skeletons
  A scorpion (D:13)
  20 killer bees
  3 wights (D:9)
  3 howler monkeys (D:10)
  An electric eel (Lair:4)
  A quasit (D:10)
  4 crimson imps
  4 hounds
  5 orc wizards
  4 orc priests
  A gnoll shaman (D:10)
  2 giant frog skeletons (D:13)
  Ijyb (D:2)
  2 iguanas
  2 worker ants
  Natasha (D:3)
  15 sheep
  4 gnolls (D:10)
  A howler monkey skeleton (D:4)
  5 adders
  4 river rats (Lair:2)
  2 shadow imps
  5 white imps (Lair:2)
  An adder zombie (D:7)
  A worm (D:2)
  A dart slug (D:3)
  3 giant geckos
  13 orcs
  4 bats
  A giant cockroach (D:3)
  9 goblins
  3 hobgoblins
  9 jackals
  A ball python (D:2)
  A giant newt (D:2)
  6 kobolds
  2 rats
469 creatures vanquished.

Vanquished Creatures (others)
  A giant leech (Swamp:1)
  A river rat (Lair:2)
  A fungus (Lair:3)
  5 toadstools (Swamp:3)
8 creatures vanquished.

Grand Total: 477 creatures vanquished

Notes
Turn   | Place    | Note
-------+----------+-------------------------------------------
     0 | D:1      | Implojin the Troll Fighter began the quest for the Orb.
     0 | D:1      | Reached XP level 1. HP: 22/22 MP: 0/0
   250 | D:2      | Reached XP level 2. HP: 29/29 MP: 1/1
   357 | D:2      | Reached skill level 3 in Unarmed Combat
   485 | D:2      | Noticed Ijyb
   489 | D:2      | Reached XP level 3. HP: 36/36 MP: 2/2
   493 | D:2      | Killed Ijyb
   493 | D:2      | Reached skill level 4 in Unarmed Combat
   588 | D:3      | Reached XP level 4. HP: 5/44 MP: 3/3
   589 | D:3      | Reached skill level 5 in Unarmed Combat
   593 | D:3      | Reached XP level 5. HP: 8/50 MP: 4/4
   641 | D:3      | Noticed Natasha
   649 | D:3      | Killed Natasha
  1022 | D:4      | Reached skill level 6 in Unarmed Combat
  1104 | D:5      | Entered Level 5 of the Dungeon
  1193 | D:6      | Found Cebbal's Gadget Shoppe.
  1220 | D:7      | Reached XP level 6. HP: 43/59 MP: 5/5
  1277 | D:7      | Identified Sif Muna's Papyrus of Transformation
  1364 | D:8      | Reached skill level 7 in Unarmed Combat
  1381 | D:8      | Reached XP level 7. HP: 63/66 MP: 6/6
  1430 | D:8      | Reached skill level 8 in Unarmed Combat
  1463 | D:8      | Noticed Grum
  1498 | D:7      | Found Zeich's General Store.
  1512 | D:7      | Bought a scroll of fear for 38 gold pieces
  1512 | D:7      | Bought a scroll of teleportation for 33 gold pieces
  1578 | D:6      | Reached skill level 9 in Unarmed Combat
  1588 | D:6      | Found a staircase to the Ecumenical Temple.
  1597 | Temple   | Entered the Ecumenical Temple
  1604 | Temple   | Became a worshipper of Warmaster Okawaru
  1664 | D:8      | Noticed a yak
  1665 | D:8      | Noticed Psyche
  1667 | D:8      | Noticed a yak
  1681 | D:8      | Reached XP level 8. HP: 70/74 MP: 7/7
  1704 | D:8      | Reached * piety under Okawaru
  1704 | D:8      | Reached skill level 10 in Unarmed Combat
  1710 | D:8      | Reached skill level 2 in Invocations
  1717 | D:8      | Reached skill level 11 in Unarmed Combat
  1782 | D:8      | Killed Psyche
  1782 | D:8      | Reached ** piety under Okawaru
  1782 | D:8      | Reached XP level 9. HP: 76/80 MP: 6/9
  1880 | D:9      | Found a glowing silver altar of Zin.
  1901 | D:9      | Reached skill level 12 in Unarmed Combat
  1963 | D:10     | Entered Level 10 of the Dungeon
  1971 | D:10     | Reached skill level 3 in Fighting
  2006 | D:10     | Noticed a troll
  2020 | D:10     | Killed a troll
  2020 | D:10     | Reached skill level 4 in Fighting
  2147 | D:11     | Noticed a cyan ugly thing
  2157 | D:11     | Killed a cyan ugly thing
  2157 | D:11     | Reached skill level 5 in Fighting
  2164 | D:12     | Noticed Josephine
  2236 | D:10     | Reached skill level 6 in Fighting
  2276 | D:10     | Noticed a gargoyle
  2283 | D:10     | Killed a gargoyle
  2283 | D:10     | Reached XP level 10. HP: 100/100 MP: 8/10
  2342 | D:10     | Reached *** piety under Okawaru
  2403 | D:10     | Reached skill level 7 in Fighting
  2548 | D:11     | Killed an unseen horror
  2548 | D:11     | Reached skill level 8 in Fighting
  2556 | D:11     | Noticed a cyclops
  2560 | D:11     | Killed a cyclops
  2587 | D:11     | Noticed a six-headed hydra
  2635 | D:11     | Noticed a red ugly thing
  2638 | D:11     | Noticed an elephant
  2699 | D:10     | Got a shimmering hand axe
  2736 | D:9      | Noticed Joseph
  2744 | D:9      | Killed Joseph
  2777 | D:11     | Killed a red ugly thing
  2777 | D:11     | Reached **** piety under Okawaru
  2777 | D:11     | Reached skill level 9 in Fighting
  2779 | D:11     | Noticed Gastronok
  2794 | D:11     | Killed an elephant
  2815 | D:11     | Killed Gastronok
  2815 | D:11     | Reached ***** piety under Okawaru
  2815 | D:11     | Reached skill level 10 in Fighting
  2815 | D:11     | Reached XP level 11. HP: 69/119 MP: 9/11
  2841 | D:11     | Found a staircase to the Lair.
  2874 | D:12     | Found a staircase to the Orcish Mines.
  2912 | D:12     | Killed Josephine
  2912 | D:12     | Reached skill level 11 in Fighting
  3076 | D:13     | Noticed an orc knight
  3085 | D:13     | Killed an orc knight
  3093 | D:13     | Noticed a deep elf mage
  3098 | D:13     | Noticed a deep elf knight
  3099 | D:13     | Noticed a deep elf mage
  3100 | D:13     | Found a gate to the Vaults.
  3101 | D:13     | Noticed a deep elf mage
  3107 | D:13     | Killed a deep elf mage
  3114 | D:13     | Killed a deep elf knight
  3114 | D:13     | Reached skill level 12 in Fighting
  3122 | D:13     | Killed a deep elf mage
  3122 | D:13     | Reached skill level 3 in Shields
  3136 | D:13     | Killed a deep elf mage
  3136 | D:13     | Received a gift from Okawaru
  3140 | D:13     | Noticed a skeletal warrior
  3156 | D:13     | Killed a skeletal warrior
  3156 | D:13     | Reached skill level 4 in Shields
  3196 | D:13     | Reached skill level 3 in Dodging
  3251 | D:13     | Reached XP level 12. HP: 132/132 MP: 12/12
  3256 | D:13     | Reached skill level 4 in Dodging
  3283 | D:14     | Noticed Nessos
  3289 | D:14     | Killed Nessos
  3289 | D:14     | Reached skill level 5 in Dodging
  3324 | D:15     | Entered Level 15 of the Dungeon
  3430 | Lair:1   | Entered Level 1 of the Lair of Beasts
  3688 | Lair:2   | Reached skill level 6 in Dodging
  3855 | Lair:2   | Reached skill level 7 in Dodging
  3883 | Lair:3   | Found a staircase to the Snake Pit.
  3946 | Snake:1  | Entered Level 1 of the Snake Pit
  3975 | Snake:1  | Found Osazir's Armour Boutique.
  3977 | Snake:1  | Noticed a naga warrior
  3978 | Snake:1  | Noticed a naga warrior
  3985 | Snake:1  | Received a gift from Okawaru
  4006 | Snake:1  | Killed a naga warrior
  4017 | Snake:1  | Killed a naga warrior
  4017 | Snake:1  | Reached skill level 8 in Dodging
  4040 | Snake:1  | Found Yphothag's Antique Weapon Shop.
  4217 | Snake:1  | Reached skill level 9 in Dodging
  4328 | Snake:2  | Reached XP level 13. HP: 74/140 MP: 4/13
  4346 | Snake:2  | Reached skill level 10 in Dodging
  4358 | Snake:2  | Found a flickering gateway to a bazaar.
  4375 | Bazaar   | Entered a bazaar
  4375 | Bazaar   | Found Qoatir's Antique Weapon Shop.
  4394 | Bazaar   | Found Hyqorry's Distillery.
  4414 | Bazaar   | Found Sorauss's Antique Armour Shop.
  4446 | Bazaar   | Bought a potion of agility for 48 gold pieces
  4446 | Bazaar   | Bought a potion of curing for 36 gold pieces
  4540 | Snake:2  | Received a gift from Okawaru
  4599 | Snake:2  | Reached skill level 3 in Invocations
  4655 | Snake:2  | Reached skill level 4 in Invocations
  4698 | Snake:2  | Found Amaickut's Armour Emporium.
  4830 | Snake:3  | Reached skill level 5 in Invocations
  4874 | Snake:4  | Entered Level 4 of the Snake Pit
  4923 | Snake:4  | Reached skill level 6 in Invocations
  4925 | Snake:4  | Noticed a greater naga
  4938 | Snake:4  | Killed a greater naga
  4960 | Snake:4  | Reached skill level 7 in Invocations
  5000 | Snake:4  | Noticed a greater naga
  5034 | Snake:4  | Killed a greater naga
  5034 | Snake:4  | Received a gift from Okawaru
  5034 | Snake:4  | Reached skill level 8 in Invocations
  5068 | Snake:4  | Noticed a greater naga
  5069 | Snake:4  | Noticed a greater naga
  5098 | Snake:4  | Killed a greater naga
  5239 | Snake:4  | Killed a greater naga
  5239 | Snake:4  | Reached skill level 2 in Armour
  5249 | Snake:4  | Noticed a greater naga
  5271 | Snake:4  | Reached skill level 3 in Armour
  5288 | Snake:4  | Killed a greater naga
  5325 | Snake:4  | Reached skill level 4 in Armour
  5381 | Snake:4  | Reached XP level 14. HP: 125/149 MP: 16/19
  5436 | Snake:4  | Reached skill level 5 in Armour
  5629 | Snake:4  | Reached skill level 6 in Armour
  5726 | Snake:4  | Noticed a greater naga
  5746 | Snake:4  | Noticed a greater naga
  5746 | Snake:4  | Killed a greater naga
  5746 | Snake:4  | Received a gift from Okawaru
  5746 | Snake:4  | Reached skill level 7 in Armour
  5747 | Snake:4  | Got a crude hat {god gift}
  5767 | Snake:4  | Killed a greater naga
  5808 | Snake:4  | Got a serpentine rune of Zot
  5887 | Snake:4  | Identified the +2 hat of Inusoler {rCorr Str+2 Int+2 Dex-2} (Okawaru gifted it to you on level 4 of the Snake Pit)
  6164 | Lair:4   | Reached skill level 8 in Armour
  6589 | Lair:2   | Noticed cojito's ghost (journeyman OpSu)
  6702 | Lair:3   | Found a staircase to the Swamp.
  6708 | Swamp:1  | Entered Level 1 of the Swamp
  6753 | Swamp:2  | Reached skill level 9 in Armour
  6817 | Swamp:2  | Noticed Roxanne
  6914 | Swamp:2  | Reached skill level 5 in Shields
  6951 | Swamp:3  | Learned a level 3 spell: Regeneration
  6953 | Swamp:4  | Entered Level 4 of the Swamp
  6984 | Swamp:4  | Noticed a thorn hunter
  7000 | Swamp:4  | Killed a thorn hunter
  7004 | Swamp:4  | Reached skill level 6 in Shields
  7221 | Swamp:4  | Noticed a thorn hunter
  7227 | Swamp:4  | Reached skill level 7 in Shields
  7237 | Swamp:4  | Killed a thorn hunter
  7237 | Swamp:4  | Reached XP level 15. HP: 99/156 MP: 18/20
  7281 | Swamp:4  | Reached skill level 8 in Shields
  7642 | Swamp:4  | Received a gift from Okawaru
  7645 | Swamp:4  | Reached skill level 9 in Shields
  7887 | Swamp:4  | Reached skill level 10 in Shields
  7972 | Swamp:4  | Received a gift from Okawaru
  7980 | Swamp:4  | Got a shimmering shield {god gift}
  7998 | Swamp:4  | Got a decaying rune of Zot
  8006 | Swamp:4  | Reached skill level 10 in Armour
  8546 | D:15     | Found a staircase to the Depths.
  8546 | D:15     | Noticed a frost giant
  8561 | D:15     | Killed a frost giant
  8583 | Depths:1 | Entered Level 1 of the Depths
  8689 | Depths:1 | Found a glowing golden altar of the Shining One.
  8721 | Depths:1 | Found a gateway to Hell.
  8826 | Depths:1 | Reached skill level 13 in Unarmed Combat
  8826 | Depths:1 | Reached XP level 16. HP: 165/165 MP: 15/21
  8842 | Depths:2 | Noticed a tengu reaver
  8842 | Depths:2 | Noticed a storm dragon
  8850 | Depths:2 | Killed a tengu reaver
  8861 | Depths:2 | a storm dragon changed into a six-headed hydra
  8948 | Depths:2 | Noticed a tengu reaver
  8981 | Depths:1 | Identified the +3 shield "Gaerch" {rF++ rC- Int+2} (Okawaru gifted it to you on level 4 of the Swamp)
  9066 | Depths:1 | HP: 1/165 [frost giant/battleaxe of freezing (11)]
  9074 | Depths:1 | Killed from afar by a frost giant

Vault maps used:
D:1:      ncdulo_watergridlock
D:2:      kennysheep_goblin_castle
D:3:      first_bread, uniq_natasha
D:5:      uniq_grinder
D:6:      serial_shops, shop, kennysheep_generic_room_2, uniq_duvessa,
          uniq_crazy_yiuf_cottage
D:7:      kennysheep_orc_sif_temple, serial_shops, shop
D:8:      uniq_grum, uniq_psyche
D:9:      old_standard_altar, uniq_erolcha, uniq_joseph
D:10:     blue_anna_alchemist, uniq_fannar
D:11:     david_lair_generic, uniq_gastronok
D:12:     lemuel_ice_statue, orc_0_dummy, uniq_josephine
D:13:     hangedman_vaults_entry_quadrant_bands
D:14:     spider_trap, lightli_fourway_metalbox, uniq_nessos
D:15:     grunt_enter_depths_snipers, minmay_misc_feat_enclosed
Temple:   compressed_dpeg_triangle_lava_temple
Lair:1:   basic_altar
Lair:2:   special_room, st_stairs_8, ice2_lemuel, grunt_megastairs_3
Lair:3:   minmay_swamp_entry_worms, minmay_snake_entry_guardpost_small,
          nicolae_quartered_pool_little, grunt_megastairs_2
Lair:4:   serial_bayou_shore_a
Lair:5:   eino_small_chamber_without_monster, grunt_megastairs_5,
          lemuel_fruit_fields, lemuel_fruit_fields
Swamp:1:  portal_ice_cave_entry_pillars_four, evilmike_swamp_ruin_rubble_2,
          nicolae_swamp_fairy_circle
Swamp:2:  hangedman_swamp_cone, uniq_roxanne
Swamp:3:  cheibrodos_swamp_tower_of_moss, evilmike_swamp_ruin_wall
Swamp:4:  swamp_vile
Snake:1:  minmay_shoptagon, uniq_louise
Snake:2:  serial_shops, freezing_bzr, shop, shop
Snake:3:  basic_altar, basic_stair_grate_trap, grunt_megastairs_1
Snake:4:  minmay_snake_end_coiled, basic_altar, spider_trap,
          nicolae_alphabet_shops, uniq_vashnia
Depths:1: hell_entry, minmay_misc_feat_columns, grunt_decor_mini_mirrors,
          tso_metal_star
Depths:2: hangedman_crystal_crosses_colossus, hell_entry
Bazaar:   bazaar_jpeg_cross

Skill      XL: |  1  2  3  4  5  6  7  8  9 10 11 12 13 14 15 |
---------------+----------------------------------------------+-----
Unarmed Combat | 3 4 5 6 7 9 11 12 13 | 13.5
Invocations    | 2 8 |  8.5
Fighting       | 6 10 12 | 12.0
Shields        | 4 7 10 | 10.0
Dodging        | 3 9 10 | 10.2
Armour         | 4 9 10 | 10.6

Action                   |  1- 3 |  4- 6 |  7- 9 | 10-12 | 13-15 | 16-18 || total
-------------------------+-------+-------+-------+-------+-------+-------++-------
Melee: Unarmed           |    93 |    71 |   123 |   475 |  1022 |    41 ||  1825
       Flail             |       |       |       |     8 |       |       ||     8
       Scimitar          |       |       |       |       |    41 |     3 ||    44
Throw: Javelin           |       |     5 |     1 |     1 |    11 |       ||    18
       Tomahawk          |       |       |       |       |    13 |       ||    13
       Large rock        |       |       |       |       |     3 |       ||     3
Invok: Heroism           |       |       |     9 |    35 |    55 |     3 ||   102
       Finesse           |       |       |       |       |    12 |     2 ||    14
  Use: Potion            |     1 |       |       |     1 |     9 |     2 ||    13
       Scroll            |       |       |    14 |     8 |    13 |     4 ||    39
 Stab: Sleeping          |     1 |       |       |     1 |     4 |       ||     6
       Invisible         |       |       |       |     4 |       |       ||     4
  Eat: Chunk             |     6 |     6 |    12 |    15 |    34 |       ||    73
       Royal jelly       |       |       |       |     1 |     2 |       ||     3
       Meat ration       |       |       |       |       |     2 |       ||     2
Armor: Robe              |    82 |    32 |    21 |       |       |       ||   135
       Troll leather arm |       |       |    18 |   131 |       |       ||   149
       Shadow dragon arm |       |       |       |    23 |   270 |    21 ||   314
Dodge: Dodged            |    62 |    25 |    51 |   187 |   411 |    16 ||   752
Block: Shield            |    98 |    28 |    57 |   260 |   267 |       ||   710
       Large shield      |       |       |       |       |   435 |    29 ||   464

Table legend:
 A = Turns spent in this place as a percentage of turns spent in the entire game.
 B = Non-inter-level travel turns spent in this place as a percentage of non-inter-level travel turns spent in the entire game.
 C = Inter-level travel turns spent in this place as a percentage of turns spent in this place.
 D = Turns resting spent in this place as a percentage of non-inter-level travel turns spent in this place.
 E = Turns spent auto-exploring this place as a percentage of non-inter-level travel turns spent in this place.
 F = Non-inter-level travel turns spent in this place divided by the number of levels of this place that you've seen.
                   A       B       C       D       E      F
               +-------+-------+-------+-------+-------+----------------------
         Total | 100.0 | 100.0 |   0.0 |   0.1 |   0.0 | 280.9
       Dungeon |  40.8 |  40.8 |   0.0 |   0.0 |   0.0 | 244.5
        Temple |   0.2 |   0.2 |   0.0 |   0.0 |   0.0 |  14.0
          Lair |  14.4 |  14.4 |   0.0 |   0.0 |   0.0 | 259.0
         Swamp |  17.0 |  17.0 |   0.0 |   0.3 |   0.0 | 382.5
     Snake Pit |  21.4 |  21.4 |   0.0 |   0.4 |   0.0 | 480.0
        Depths |   5.1 |   5.1 |   0.0 |   0.4 |   0.0 | 228.0
        Bazaar |   1.2 |   1.2 |   0.0 |   0.0 |   0.0 | 106.0
               +-------+-------+-------+-------+-------+----------------------

Table legend:
 A = Kills in this place as a percentage of kills in entire the game.
 B = Kills by you in this place as a percentage of kills by you in the entire game.
 C = Kills by friends in this place as a percentage of kills by friends in the entire game.
 D = Other kills in this place as a percentage of other kills in the entire game.
 E = Experience gained in this place as a percentage of experience gained in the entire game.
 F = Experience gained in this place divided by the number of levels of this place that you have seen.
                   A       B       C       D       E      F
               +-------+-------+-------+-------+-------+----------------------
         Total | 100.0 | 100.0 |  -nan | 100.0 | 100.0 | 5017.7
       Dungeon |  40.2 |  40.3 |  -nan |   0.0 |  19.7 | 2104.8
          Lair |  16.4 |  16.4 |  -nan |   0.0 |   7.0 | 2262.0
         Swamp |  21.5 |  21.3 |  -nan | 100.0 |  32.0 | 12855.2
     Snake Pit |  17.9 |  17.9 |  -nan |   0.0 |  31.4 | 12622.0
        Depths |   4.0 |   4.1 |  -nan |   0.0 |   9.8 | 7888.0
               +-------+-------+-------+-------+-------+----------------------
